 Dungeon Crawl Stone Soup version 0.28.0-53-g5a82cb258f (webtiles) character file.

Game seed: 11100749548456385702

1007 MisterFreud the Covert (level 8, 0/67 HPs)
             Began as a Gnoll Delver on June 19, 2022.
             Was a Believer of Uskayaw.
             Splashed by a jelly's acid (8 damage)
             ... on level 5 of the Dungeon.
             The game lasted 00:03:51 (3186 turns).

MisterFreud the Covert (Gnoll Delver)               Turns: 3186, Time: 00:03:52

Health: 0/67       AC: -4    Str: 11    XL:     8   Next: 20%
Magic:  12/12      EV: 13    Int: 12    God:    Uskayaw [**....]
Gold:   88         SH:  0    Dex: 14    Spells: 13/13 levels left

rFire   . . .      SeeInvis .   h - +3 dagger (drain)
rCold   . . .      Faith    .   (no shield)
rNeg    . . .      Spirit   .   b - +0 leather armour
rPois   .          Reflect  .   (no helmet)
rElec   .          Harm     .   (no cloak)
rCorr   .          Rampage  .   (no gloves)
Will    .....                   (no boots)
Stlth   ++++......              (no amulet)
HPRegen 0.21/turn               (no ring)
MPRegen 0.13/turn               (no ring)

@: corroded
A: fangs 1, strong nose, distributed training
a: Renounce Religion, Stomp, Line Pass


You were on level 5 of the Dungeon.
You worshipped Uskayaw.
Uskayaw was noncommittal.
You visited 1 branch of the dungeon, and saw 2 of its levels.

You collected 88 gold pieces.

Inventory:

Hand Weapons
 a - a +0 short sword
 h - a +3 dagger of draining (weapon)
Missiles
 l - 6 poisoned darts (quivered)
Armour
 b - a +0 leather armour (worn)
Wands
 g - a wand of digging (2)
Scrolls
 c - a scroll of fog
 d - 2 scrolls of magic mapping
 j - a scroll of identify {unknown}
Potions
 e - a potion of heal wounds {unknown}
 f - a potion of haste
 i - a potion of mutation {unknown}
 k - a potion of flight {unknown}


   Skills:
 + Level 7.3 Fighting
 + Level 5.5 Short Blades
 + Level 3.0 Long Blades
 + Level 3.0 Axes
 + Level 3.0 Maces & Flails
 + Level 3.0 Polearms
 + Level 3.0 Staves
 + Level 3.0 Slings
 + Level 3.0 Bows
 + Level 3.0 Crossbows
 + Level 3.0 Throwing
 + Level 3.0 Armour
 + Level 5.5 Dodging
 + Level 10.1 Stealth
 + Level 3.0 Shields
 + Level 3.0 Unarmed Combat
 + Level 3.0 Spellcasting
 + Level 2.4 Conjurations
 + Level 2.4 Hexes
 + Level 2.4 Summonings
 + Level 2.4 Necromancy
 + Level 2.4 Translocations
 + Level 2.4 Transmutations
 + Level 2.4 Fire Magic
 + Level 2.4 Ice Magic
 + Level 2.4 Air Magic
 + Level 2.4 Earth Magic
 + Level 2.4 Poison Magic
 + Level 3.3 Invocations
 + Level 3.0 Evocations


You had 13 spell levels left.
You didn't know any spells.
Your spell library was empty.

Dungeon Overview and Level Annotations

Branches:
Dungeon (6/15)
 Temple: D:4-7

Altars:
Elyvilon
Qazlal
Sif Muna
Uskayaw

Annotations:
D:5 Grinder
D:6 2 transporters


Innate Abilities, Weirdness & Mutations

You have very sharp teeth.
Your uncanny sense of smell can sniff out nearby items.
Your experience applies equally to all skills.


Message History

You climb downwards.
Level annotation: 2 transporters
There is a stone staircase leading up here.
There is a stone staircase leading up, spattered with blood here.
You climb upwards.
Level annotation: Grinder
There is a stone staircase leading down here.
Found a robe.
You hear a slurping noise.
The jelly eats the door!
Found a trident and 4 gold pieces.
The jelly misses you.
You hit the jelly.
Your hands burn!
The jelly is lightly wounded.
You hit the jelly. You drain the jelly. The acid corrodes you!
Your hands burn!
The jelly is moderately wounded.
The jelly hits you.
You are splashed with acid!
You hit the jelly but do no damage. You drain the jelly.
Your hands burn!
The jelly is moderately wounded.
The jelly closely misses you.
You hit the jelly. You drain the jelly.
Your hands burn!
The jelly is heavily wounded.
The jelly closely misses you.
You hit the jelly. The acid corrodes you!
Your hands burn!
The jelly is heavily wounded.
You can now pass through a line of other dancers.
You hit the jelly.
Your hands burn!
The jelly is heavily wounded.
The jelly hits you.
You are splashed with acid!
You hit the jelly but do no damage. You drain the jelly.
Your hands burn!
The jelly is severely wounded.
The jelly hits you.
You are splashed with acid!
* * * LOW HITPOINT WARNING * * *
You hit the jelly but do no damage. You drain the jelly.
Your hands burn!
* * * LOW HITPOINT WARNING * * *
The jelly is severely wounded.
The jelly hits you.
* * * LOW HITPOINT WARNING * * *
You are splashed with acid!
You die...

#.......#..≈.#..
#..>....#..≈.#._
#####....##..≈.#..
##.###....##.
#..[..........
#.............
##.#####+###..
##.)##.... ..
#.@.......
#.J...$...
##..###... #### ##


You could see a jelly (drained).

Vanquished Creatures
  2 ice beasts
  A sky beast (D:6)
  An orc warrior (D:6)
  A necrophage (D:6)
  2 ogres (D:6)
  A bullfrog (D:6)
  A scorpion (D:5)
  A water moccasin skeleton (D:6)
  A jelly (D:6)
  An orc priest (D:6)
  An orc wizard (D:5)
  2 iguanas
  2 killer bee zombies (D:6)
  An adder (D:6)
  A white imp (D:5)
  An ufetubus (D:5)
  A dart slug (D:5)
  5 orcs
  A quokka (D:5)
27 creatures vanquished.

Notes
Turn   | Place    | Note
-------+----------+-------------------------------------------
     0 | D:5      | Reached skill level 9 in Stealth
     0 | D:5      | MisterFreud the Gnoll Delver began the quest for the Orb.
     0 | D:5      | Reached XP level 1. HP: 23/23 MP: 1/1
     1 | D:6      | Noticed an iguana
    15 | D:5      | Killed an iguana
    16 | D:5      | Reached XP level 2. HP: 19/29 MP: 2/2
    16 | D:5      | Reached XP level 3. HP: 22/35 MP: 3/3
   139 | D:5      | Found a white marble altar of Elyvilon.
   154 | D:5      | Reached skill level 1 in Long Blades
   154 | D:5      | Reached skill level 1 in Axes
   154 | D:5      | Reached skill level 1 in Maces & Flails
   154 | D:5      | Reached skill level 1 in Polearms
   154 | D:5      | Reached skill level 1 in Staves
   154 | D:5      | Reached skill level 1 in Slings
   154 | D:5      | Reached skill level 1 in Bows
   154 | D:5      | Reached skill level 1 in Crossbows
   154 | D:5      | Reached skill level 1 in Throwing
   154 | D:5      | Reached skill level 1 in Armour
   154 | D:5      | Reached skill level 1 in Shields
   154 | D:5      | Reached skill level 1 in Unarmed Combat
   154 | D:5      | Reached skill level 1 in Spellcasting
   154 | D:5      | Reached skill level 1 in Invocations
   154 | D:5      | Reached skill level 1 in Evocations
   163 | D:5      | Reached XP level 4. HP: 39/41 MP: 3/5
   690 | D:5      | Noticed a scorpion
   695 | D:5      | You fall into a shaft and drop 1 floor!
   700 | D:6      | Noticed a sky beast
   703 | D:6      | Noticed a bullfrog
   707 | D:6      | Killed a sky beast
   708 | D:6      | Reached skill level 1 in Conjurations
   708 | D:6      | Reached skill level 1 in Hexes
   708 | D:6      | Reached skill level 1 in Summonings
   708 | D:6      | Reached skill level 1 in Necromancy
   708 | D:6      | Reached skill level 1 in Translocations
   708 | D:6      | Reached skill level 1 in Transmutations
   708 | D:6      | Reached skill level 1 in Fire Magic
   708 | D:6      | Reached skill level 1 in Ice Magic
   708 | D:6      | Reached skill level 1 in Air Magic
   708 | D:6      | Reached skill level 1 in Earth Magic
   708 | D:6      | Reached skill level 1 in Poison Magic
   708 | D:6      | Reached XP level 5. HP: 47/47 MP: 5/7
   919 | D:6      | Reached XP level 6. HP: 38/53 MP: 8/8
  1027 | D:6      | Reached skill level 5 in Short Blades
  1027 | D:6      | Reached skill level 5 in Dodging
  1272 | D:6      | Noticed an ice beast
  1279 | D:6      | Killed an ice beast
  1280 | D:6      | Reached XP level 7. HP: 60/60 MP: 10/10
  1349 | D:6      | Reached skill level 10 in Stealth
  1721 | D:5      | Noticed Grinder
  2042 | D:6      | Found a shimmering blue altar of Sif Muna.
  2074 | D:6      | Found a hide-covered altar of Uskayaw.
  2158 | D:6      | Reached XP level 8. HP: 32/67 MP: 12/12
  2371 | D:6      | Found a transporter.
  2382 | D:6      | Found a transporter.
  2391 | D:6      | Found a stormy altar of Qazlal.
  2506 | D:6      | Became a worshipper of Uskayaw the Reveller
  2556 | D:5      | Reached * piety under Uskayaw
  2786 | D:5      | Reached ** piety under Uskayaw
  2790 | D:5      | Reached *** piety under Uskayaw
  3186 | D:5      | Splashed by a jelly's acid

Illustrated notes

Levels and vault maps discovered:
D:5:      layout_gridville, mainiacjoe_overflow_brackets, uniq_duvessa,
          uniq_grinder
D:6:      hellmonk_crumbling_castle, layout_basic,
          gammafunk_temple_overflow_arena, mainiacjoe_overflow_two_lobes,
          grunt_ministairs_3

Skill      XL: |  1  2  3  4  5  6  7  8 |
---------------+-------------------------+-----
Stealth        | 10 | 10.1
Long Blades    | 1 2 3 |  3.0
Axes           | 1 2 3 |  3.0
Maces & Flails | 1 2 3 |  3.0
Polearms       | 1 2 3 |  3.0
Staves         | 1 2 3 |  3.0
Slings         | 1 2 3 |  3.0
Bows           | 1 2 3 |  3.0
Crossbows      | 1 2 3 |  3.0
Throwing       | 1 2 3 |  3.0
Armour         | 1 2 3 |  3.0
Shields        | 1 2 3 |  3.0
Unarmed Combat | 1 2 3 |  3.0
Spellcasting   | 1 2 3 |  3.0
Invocations    | 1 2 3 |  3.3
Evocations     | 1 2 3 |  3.0
Conjurations   | 1 2 |  2.4
Hexes          | 1 2 |  2.4
Summonings     | 1 2 |  2.4
Necromancy     | 1 2 |  2.4
Translocations | 1 2 |  2.4
Transmutations | 1 2 |  2.4
Fire Magic     | 1 2 |  2.4
Ice Magic      | 1 2 |  2.4
Air Magic      | 1 2 |  2.4
Earth Magic    | 1 2 |  2.4
Poison Magic   | 1 2 |  2.4
Short Blades   | 5 |  5.5
Dodging        | 5 |  5.5
Fighting       | 7 |  7.3

Action                   |  1- 3 |  4- 6 |  7- 9 || total
-------------------------+-------+-------+-------++-------
Melee: Short sword       |    11 |       |       ||    11
       Bite              |     2 |     5 |    15 ||    22
       Dagger            |     5 |    54 |   123 ||   182
       Punch             |       |       |     4 ||     4
Evoke: Wand              |       |     1 |       ||     1
  Use: Potion            |       |     1 |     2 ||     3
       Scroll            |       |     1 |     2 ||     3
 Stab: Sleeping          |     3 |     2 |     1 ||     6
       Distracted        |       |     2 |       ||     2
       Invisible         |       |       |     2 ||     2
       Paralysed         |       |       |     1 ||     1
Armor: Leather armour    |     2 |     5 |     7 ||    14
Dodge: Dodged            |     3 |    35 |    50 ||    88
